 Dungeon Crawl Stone Soup version 0.26.0-10-g1f06aea511 (webtiles) character file.

Game seed: 10845558652095054077

214 sanka the Covert (level 5, -4/55 HPs)
             Began as a Naga Delver on Jan 20, 2021.
             Killed by divine providence
             ... invoked by an orc priest
              (12 damage)
             ... on level 4 of the Dungeon.
             The game lasted 00:03:44 (2150 turns).

sanka the Covert (Naga Delver)                      Turns: 2150, Time: 00:03:45

Health: -4/55      AC:  3    Str: 14    XL:     5   Next: 91%
Magic:  5/5        EV:  9    Int: 11    God:
Gold:   25         SH:  0    Dex: 13    Spells: 4/4 levels left

rFire    . . .     SeeInvis +   a - +0 hand axe
rCold    . . .     Faith    .   (no shield)
rNeg     . . .     Spirit   .   b - +0 leather armour
rPois    +         Reflect  .   (no helmet)
rElec    .         Harm     .   (no cloak)
rCorr    .         Rampage  .   (no gloves)
Will     .....                  (no barding)
Stlth    +++.......             (no amulet)
HPRegen  0.18/turn              (no ring)
MPRegen  0.09/turn              (no ring)

@: very slow
A: large, see invisible, deformed body, poison resistance, slowness 2, spit
poison 1, AC +1
a: Spit Poison


You were on level 4 of the Dungeon.
You visited 1 branch of the dungeon, and saw 2 of its levels.
You also visited: Sewer.

You collected 25 gold pieces.


Innate Abilities, Weirdness & Mutations

You cannot wear boots.
Your serpentine skin is tough. (AC +1)
You have supernaturally acute eyesight. (SInv)
Armour fits poorly on your strangely shaped body.
Your system is resistant to poisons. (rPois)
You cover ground very slowly.
You can spit poison.


   Skills:
 + Level 6.0 Fighting
 - Level 2.0 Axes
 - Level 1.5 Dodging
 - Level 8.0 Stealth


You had 4 spell levels left.
You didn't know any spells.
Your spell library was empty.

Inventory:

Hand Weapons
 a - a +0 hand axe (weapon)
Armour
 b - a +0 leather armour (worn)
Magical Staves
 o - an uncursed staff of fire
Wands
 g - a wand of digging (3)
Scrolls
 c - 2 scrolls of fog
 d - 2 scrolls of magic mapping
 j - a scroll of blinking {unknown}
 k - 3 scrolls of teleportation {unknown}
 n - a scroll of identify {unknown}
 q - a scroll of remove curse {unknown}
Potions
 f - a potion of haste {@q3}
 h - 5 potions of heal wounds {unknown}
 i - 2 potions of might {unknown}
 l - a potion of brilliance {unknown}
 m - 3 potions of curing {unknown}
 p - a potion of lignification {unknown}

Dungeon Overview and Level Annotations

Branches:
Dungeon (5/15)              Sewer (visited)
 Temple: D:4-7

Altars:

▒▒▒▒...▒▒.▒
▒▒.▒▒▒.▒▒
▒▒▒▒▒.▒▒>.o▒▒▒▒▒▒▒
▒....[o[.▒)......▒
▒.▒▒▒>▒▒...▒▒▒▒▒.▒
▒.▒▒▒.▒▒ ▒)▒ ▒.▒
▒... ▒.▒ ▒.▒ ▒▒▒▒▒
▒.▒ ▒N▒ ▒.▒
........▒ ▒.▒
▒▒▒.▒▒▒.. ▒.▒ ▒.▒▒
▒.▒ ... ▒.▒▒▒ ▒..
▒...▒ ▒.▒ ▒▒▒.▒
▒.▒ ▒.▒ ▒.▒


You could see an orc priest.


Message History

You hit the orc wizard.
The orc wizard is almost dead.
You have got your breath back.
The orc wizard closely misses you.
You barely miss the orc wizard.
The orc wizard is almost dead.
The orc wizard hits you with a +0 dagger.
* * * LOW HITPOINT WARNING * * *
The orc wizard hits you with a +0 dagger.
* * * LOW HITPOINT WARNING * * *
Use which ability? (? or * to list)
Aim: an orc wizard, wielding a +0 dagger and wearing a +0 robe (severely wounded, fast, slightly transparent)
The splash of poison hits the orc wizard.
You kill the orc wizard!
Your Fighting skill increases to level 6!
You climb downwards. 2 orcs, an orc priest, an orc wizard and an ufetubus come into view.
Found a chain mail and 4 gold pieces.
There is a stone staircase leading up here.
The ufetubus shouts!
The orc wizard shouts!
You climb upwards.
You have got your breath back.
There is a stone staircase leading down here.
Unknown command.
You start resting.
An orc priest is nearby!
The orc priest calls down the wrath of Beogh upon you.
Beogh smites you!
You die...

Action                   |  1- 3 |  4- 6 || total
-------------------------+-------+-------++-------
Melee: Hand axe          |    94 |    43 ||   137
 Abil: Spit Poison       |     4 |    13 ||    17
  Use: Scroll            |       |     1 ||     1
 Stab: Sleeping          |     6 |     1 ||     7
Armor: Leather armour    |    27 |    15 ||    42
Dodge: Dodged            |    74 |    25 ||    99

Levels and vault maps discovered:
D:4:      layout_loops_ring, nemelex_diamond_rough_becter, uniq_duvessa
D:5:      layout_gridville, serial_undead, serial_undead_e, serial_undead_d,
          serial_undead_d, serial_undead_b, serial_undead_a, serial_undead_b,
          portal_sewer_entry_b

Notes
Turn   | Place    | Note
-------+----------+-------------------------------------------
     0 | D:5      | sanka the Naga Delver began the quest for the Orb.
     0 | D:5      | Reached XP level 1. HP: 21/21 MP: 1/1
    15 | D:5      | Found a glowing drain.
    28 | D:5      | HP: 2/21 [giant cockroach (1)]
    31 | D:5      | Reached XP level 2. HP: 2/28 MP: 2/2
   312 | Sewer    | Entered a sewer
   349 | Sewer    | Reached skill level 8 in Stealth
   770 | Sewer    | Reached XP level 3. HP: 24/34 MP: 3/3
  1302 | D:5      | Reached skill level 4 in Fighting
  1302 | D:5      | Reached XP level 4. HP: 31/44 MP: 4/4
  1707 | D:4      | Reached skill level 5 in Fighting
  1707 | D:4      | Reached XP level 5. HP: 29/52 MP: 5/5
  2138 | D:4      | HP: 5/55 [orc wizard/+0 dagger (3)]
  2140 | D:4      | Reached skill level 6 in Fighting
  2150 | D:4      | Killed from afar by an orc priest

Vanquished Creatures
  3 orc wizards (D:4)
  2 hounds
  A worker ant (D:5)
  An ooze (Sewer)
  2 leopard geckos
  2 orcs (D:4)
  4 giant cockroaches
  3 jackals (D:5)
  14 kobolds (Sewer)
  7 ball pythons
  2 bats (Sewer)
  3 frilled lizards
  A giant cockroach zombie (D:5)
  3 rats
48 creatures vanquished.

Vanquished Creatures (others)
  2 plants (Sewer)
2 creatures vanquished.

Grand Total: 50 creatures vanquished

Table legend: (Time is in decaauts)
 A = Elapsed time spent in this place.
 B = Non-inter-level travel time spent in this place.
 C = Inter-level travel time spent in this place.
 D = Time resting spent in this place.
 E = Time spent auto-exploring this place.
 F = Levels seen in this place.
 G = Mean time per level.
                   A        B        C        D        E       F      G
               +--------+--------+--------+--------+--------+-----+--------+
         Total |   2418 |   2418 |      0 |   1356 |    474 |   3 |  806.0 |
       Dungeon |   1327 |   1327 |      0 |    763 |    281 |   2 |  663.5 |
         Sewer |   1090 |   1090 |      0 |    593 |    193 |   1 | 1090.0 |
               +--------+--------+--------+--------+--------+-----+--------+

Top non-repeatable levels by time:
   Sewer: 1090 daAuts
     D:5: 840 daAuts
     D:4: 487 daAuts
